 Dungeon Crawl Stone Soup version 0.31-a0-1496-g79c7dd0eeb (webtiles) character file.

Game seed: 15936366656607614813

3360 graki42 the Thaumaturge (level 9, 0/45 HPs)
             Began as a Deep Elf Alchemist on Dec 29, 2023.
             Was a Believer of Sif Muna.
             Succumbed to a kobold brigand's curare-tipped dart
             ... on level 7 of the Dungeon.
             The game lasted 00:27:08 (8095 turns).

graki42 the Thaumaturge (Deep Elf Alchemist)        Turns: 8095, Time: 00:27:08

Health: 0/45       AC:  8    Str:  7    XL:     9   Next: 73%
Magic:  22/32      EV: 12    Int: 23    God:    Sif Muna [**....]
Gold:   616        SH:  0    Dex: 15    Spells: 11/25 levels left

rFire   . . .        (no weapon)
rCold   . . .        (no shield)
rNeg    . . .        E - +0 steam dragon scales
rPois   .            q - +0 helmet
rElec   .            l - +0 cloak
rCorr   .            (no gloves)
SInv    .            n - +0 pair of boots
Will    .....        F - amulet of the acrobat
Stlth   ++           c - ring of wizardry
HPRegen 0.27/turn    D - ring of magical power
MPRegen 0.23/turn

%: acrobat, wizardry (x1)
@: lethally poisoned (0 -> -18), attractive, slowed, very slow
A: no striking features
a: Renounce Religion, Channel Magic


You were on level 7 of the Dungeon.
You worshipped Sif Muna.
Sif Muna was pleased with you.
You visited 2 branches of the dungeon, and saw 9 of its levels.

You collected 616 gold pieces.

Inventory:

Armour
 l - a +0 cloak (worn)
 n - a +0 pair of boots (worn)
 q - a +0 helmet (worn)
 E - +0 steam dragon scales (worn)
Jewellery
 a - a ring of wizardry
 c - a ring of wizardry (left hand)
 D - a ring of magical power (right hand)
 F - an amulet of the acrobat (around neck)
 K - a ring of positive energy
Wands
 u - a wand of mindburst (16)
 y - a wand of flame (24)
 J - a wand of polymorph (2)
Scrolls
 d - 4 scrolls of blinking {unknown}
 f - a scroll of teleportation {unknown}
 g - 2 scrolls of noise {unknown}
 h - 3 scrolls of fog {unknown}
 j - a scroll of amnesia {unknown}
 o - 2 scrolls of torment {unknown}
 p - a scroll of enchant weapon {unknown}
 s - 2 scrolls of fear {unknown}
 B - a scroll of enchant armour {unknown}
Potions
 b - a potion of magic
 e - a potion of haste
 i - a potion of brilliance
 k - a potion of attraction
 r - 2 potions of curing {unknown}
 t - a potion of lignification
 w - 2 potions of mutation
 x - 2 potions of enlightenment {unknown}
 z - 2 potions of invisibility {unknown}
 A - a potion of degeneration {unknown}
 G - 2 potions of ambrosia {unknown}
 H - 2 potions of resistance {unknown}


   Skills:
 - Level 2.4 Dodging
 - Level 2.4 Stealth
 + Level 8.5 Spellcasting
 + Level 6.6 Conjurations
 + Level 5.4 Fire Magic
 + Level 5.8 Air Magic
 + Level 7.3 Alchemy
 + Level 4.6 Invocations


You had 11 spell levels left.
You knew the following spells:

 Your Spells              Type           Power      Damage    Failure   Level
a - Sting                 Conj/Alch      100%       1d9       1%          1
b - Mercury Vapours       Alch/Air       80%        N/A       1%          2
c - Mephitic Cloud        Conj/Alch/Air  40%        N/A       1%          3
d - Olgreb's Toxic Radia  Alch           43%        N/A       1%          4
e - Sticky Flame          Fire/Alch      39%        2d8       1%          4

Your spell library contained the following spells:

 Spells                   Type           Power      Damage    Failure   Level
 Sandblast                Erth           18%        2d7       2%          1
 Sublimation of Blood     Necr           9%         N/A       4%          2
 Irradiate                Conj/Alch      20%        3d18      4%          5
 Petrify                  Alch/Erth      26%        N/A       6%          4


Dungeon Overview and Level Annotations

Branches:
Dungeon (8/15)             Temple (1/1) D:5
   Lair: D:8-11

Altars:
Ashenzari
Cheibriados
Fedhas
Gozag
Hepliaklqana
Kikubaaqudgha
Makhleb
Nemelex Xobeh
Okawaru
Qazlal
Ru
Sif Muna
Vehumet
Wu Jian
Xom


Message History

Unknown command.
Unknown command.
Casting: Olgreb's Toxic Radiance (dangerous; 1% risk of failure)
Confirm with . or Enter, or press ? or * to list all spells.
You can't see any susceptible monsters within range! (Use Z to cast anyway.)
Casting: Olgreb's Toxic Radiance (dangerous; 1% risk of failure)
Confirm with . or Enter, or press ? or * to list all spells.
Your toxic radiance grows in intensity.
The kobold brigand looks as sick as possible!
You feel sick.
The kobold brigand throws a curare-tipped dart.
The curare-tipped dart hits you.
You are more poisoned.
You have difficulty breathing.
You feel as though you will be slow longer.
A kobold comes into view. It is wielding a +0 dagger.
Unknown command.
Unknown command.
Unknown command.
Casting: Olgreb's Toxic Radiance (dangerous; 1% risk of failure)
Confirm with . or Enter, or press ? or * to list all spells.
You can't see any susceptible monsters within range! (Use Z to cast anyway.)
Casting: Olgreb's Toxic Radiance (dangerous; 1% risk of failure)
Confirm with . or Enter, or press ? or * to list all spells.
You don't know that spell.
The kobold brigand looks as sick as possible!
The kobold is poisoned.
You feel very sick.
The kobold brigand throws a curare-tipped dart.
The curare-tipped dart hits you.
You are lethally poisoned!
You have difficulty breathing.
You feel as though you will be slow longer.
You climb upwards.
* * * LOW HITPOINT WARNING * * *
You feel extremely sick.
There is a stone staircase leading down here.
It was a potion of attraction.
You feel attractive to monsters.
Your toxic aura wanes.
You die...

########## ##...##<..#
###############..........
##.....#.....##...........
##........@....#...........
#...............)..........
#......>........#..........
#...............##...#....#
#...............######...#.
#...............#####......
##...<............##...[.).
##.....#.......#.)........
#############...##....)..


There were no monsters in sight!

Vanquished Creatures
  A troll (D:7)
  Grinder (D:3)
  2 steam dragons
  3 water moccasins
  An orc warrior (D:7)
  A black bear (D:7)
  2 ice beasts
  2 ogres (D:6)
  6 centaurs
  A kobold brigand (D:6)
  2 bullfrogs (D:7)
  3 scorpions
  A gnoll sergeant (D:6)
  A howler monkey (D:6)
  A crimson imp (D:3)
  A hound (D:6)
  2 jellies
  2 orc priests (D:7)
  4 gnoll boudas
  A sleepcap (D:7)
  Jessica (D:3)
  2 iguanas
  An orc wizard (D:6)
  Natasha (thrice) (D:3)
  9 adders
  18 gnolls
  A shadow imp (D:6)
  A white imp (D:7)
  2 worms
  6 dart slugs
  6 orcs
  11 ball pythons
  8 endoplasms
  3 giant cockroaches
  10 goblins
  18 hobgoblins
  4 jackals (D:2)
  6 quokkas
  6 bats (D:2)
  2 frilled lizards
  15 kobolds
  5 rats
176 creatures vanquished.

Notes
Turn   | Place    | Note
-------+----------+-------------------------------------------
     0 | D:1      | graki42 the Deep Elf Alchemist began the quest for the Orb.
     0 | D:1      | Reached XP level 1. HP: 10/10 MP: 6/6
   193 | D:1      | Reached XP level 2. HP: 15/15 MP: 2/8
   196 | D:1      | Learned a level 2 spell: Mercury Vapours
   908 | D:2      | Reached XP level 3. HP: 19/19 MP: 3/10
  1089 | D:2      | Found a faded altar of an unknown god.
  1098 | D:2      | Got Plato's Codex of Quicksand
  1269 | D:2      | Reached skill level 1 in Air Magic
  1273 | D:2      | Learned a level 3 spell: Mephitic Cloud
  1515 | D:2      | Reached skill level 4 in Spellcasting
  1533 | D:2      | Reached XP level 4. HP: 24/24 MP: 6/12
  1540 | D:2      | Learned a level 4 spell: Olgreb's Toxic Radiance
  1913 | D:3      | Noticed Grinder
  1955 | D:3      | Noticed Jessica
  1960 | D:3      | Killed Jessica
  2230 | D:3      | Noticed Natasha
  2236 | D:3      | Killed Natasha
  2237 | D:3      | Reached XP level 5. HP: 26/28 MP: 6/13
  2399 | D:4      | Found a hazy altar of Hepliaklqana.
  2748 | D:4      | Found an opulent altar of Gozag.
  2774 | D:4      | Found an iron altar of Okawaru.
  2825 | D:4      | Reached skill level 5 in Spellcasting
  3083 | D:4      | Learned a level 4 spell: Sticky Flame
  3196 | D:4      | Reached XP level 6. HP: 32/32 MP: 9/15
  3644 | D:3      | Noticed Natasha
  3648 | D:3      | Killed Natasha
  3669 | D:3      | Noticed Natasha
  3676 | D:3      | Killed Natasha
  3771 | D:3      | Found a radiant altar of Vehumet.
  3773 | D:3      | Found a burning altar of Makhleb.
  3787 | D:3      | Reached skill level 1 in Fire Magic
  3987 | D:3      | Killed Grinder
  3988 | D:3      | Reached skill level 5 in Alchemy
  3988 | D:3      | Reached XP level 7. HP: 36/36 MP: 7/17
  4384 | D:5      | Entered Level 5 of the Dungeon
  4541 | D:5      | Found a staircase to the Ecumenical Temple.
  4592 | Temple   | Entered the Ecumenical Temple
  4607 | Temple   | Became a worshipper of Sif Muna the Loreminder
  4711 | D:5      | Reached skill level 6 in Spellcasting
  4793 | D:5      | Noticed a steam dragon
  4803 | D:5      | Killed a steam dragon
  4804 | D:5      | Reached skill level 1 in Invocations
  4959 | D:5      | Reached XP level 8. HP: 41/41 MP: 19/19
  5582 | D:5      | Reached skill level 5 in Conjurations
  5677 | D:6      | Reached skill level 7 in Spellcasting
  5784 | D:6      | Identified the +2 leather armour of Honour {rC+}
  5818 | D:6      | Reached * piety under Sif Muna
  5868 | D:6      | Found a broken altar of Ashenzari.
  6029 | D:6      | Found a stormy altar of Qazlal.
  6368 | D:6      | Reached XP level 9. HP: 45/45 MP: 18/22
  6374 | D:6      | Reached skill level 5 in Air Magic
  7373 | D:7      | Reached skill level 8 in Spellcasting
  7447 | D:7      | Reached skill level 5 in Fire Magic
  7587 | D:7      | Noticed a troll
  7594 | D:7      | Killed a troll
  7725 | D:7      | Reached ** piety under Sif Muna
  8095 | D:7      | Succumbed to a kobold brigand's curare-tipped dart

Illustrated notes

Levels and vault maps discovered:
D:1:      evilmike_arrival_crescent, layout_rooms, serial_forest,
          infiniplex_forest_straight_5, infiniplex_forest_straight_1,
          infiniplex_forest_zigzag_1, infiniplex_forest_end_2,
          infiniplex_forest_clump_tiny
D:2:      layout_basic, shapermc_ecumenical_altar_rom_forum, nrook_mini_vaults,
          minmay_pentomino_w2
D:3:      layout_basic, grunt_temple_overflow_lords_of_destruction,
          minmay_gold_behind_fungi, serial_park_tiny_pond,
          serial_bayou_lagoon_a, amcnicky_mini_rare_corridor_liquid,
          uniq_natasha, uniq_grinder, uniq_jessica
D:4:      layout_basic, mainiacjoe_overflow_paths, general_overflow_altar,
          kennysheep_okawaru_gauntlet, small_statue_alley_b,
          kennysheep_small_square
D:5:      nicolae_cairo_tiling_large_dashed, layout_cave_pods,
          minmay_temple_entry_poolview
D:6:      kennysheep_housing_project, layout_gridville,
          mainiacjoe_overflow_alcove_4, kennysheep_mini_moat
D:7:      layout_rooms, minmay_tree_intersection
D:8:      layout_basic, dreamdust_divine_triumvirate, lemuel_doored_altar,
          lair_entry_dummy, serial_shops, nicolae_shop_statue_plus,
          hangedman_minor_gate_pass, uniq_jeremiah
Temple:   hellmonk_temple_of_storms

Skill      XL: |  1  2  3  4  5  6  7  8  9 |
---------------+----------------------------+-----
Conjurations   | 2 3 4 5 6 |  6.6
Air Magic      | 1 2 3 4 5 |  5.8
Spellcasting   | 4 5 6 7 8 |  8.5
Alchemy        | 4 5 6 7 |  7.3
Fire Magic     | 1 3 4 5 |  5.4
Invocations    | 1 3 4 |  4.6
Dodging        | |  2.4
Stealth        | |  2.4

Action                     |  1- 3 |  4- 6 |  7- 9 || total
---------------------------+-------+-------+-------++-------
  Melee: Unarmed           |    12 |    14 |     7 ||    33
   Cast: Sting             |    86 |   127 |    72 ||   285
         Mercury Vapours   |     1 |       |       ||     1
         Sticky Flame      |       |     4 |    24 ||    28
         Olgreb's Toxic Ra |       |       |    42 ||    42
    Use: Scroll            |       |       |     4 ||     4
         Potion            |       |       |     1 ||     1
 Armour: Robe              |    16 |    24 |    41 ||    81
         Steam dragon scal |       |       |    14 ||    14
  Dodge: Dodged            |    26 |    35 |    61 ||   122

Table legend: (Time is in decaauts)
 A = Elapsed time spent in this place.
 B = Non-inter-level travel time spent in this place.
 C = Inter-level travel time spent in this place.
 D = Time resting spent in this place.
 E = Time spent auto-exploring this place.
 F = Levels seen in this place.
 G = Mean time per level.
                   A        B        C        D        E       F      G
               +--------+--------+--------+--------+--------+-----+--------+
         Total |   8112 |   7856 |    256 |    988 |   5732 |   9 |  901.3 |
       Dungeon |   8091 |   7841 |    250 |    988 |   5732 |   8 | 1011.4 |
        Temple |     20 |     15 |      5 |      0 |      0 |   1 |   20.0 |
               +--------+--------+--------+--------+--------+-----+--------+

Top non-repeatable levels by time:
     D:6: 1477 daAuts
     D:4: 1281 daAuts
     D:5: 1172 daAuts
     D:3: 1165 daAuts
     D:2: 1103 daAuts
     D:7: 1037 daAuts
     D:1: 848 daAuts
  Temple: 20 daAuts
     D:8: 6 daAuts
